 Dungeon Crawl Stone Soup version 0.28.0-47-ge53b351184 (webtiles) character file.

Game seed: 16465752162223487158

219 pkoi the Ruffian (level 5, -1/45 HPs)
             Began as a Demigod Fighter on Apr 26, 2022.
             Slain by a goblin
             ... wielding a +0 club
             ... led by Robin
              (5 damage)
             ... on level 3 of the Dungeon.
             The game lasted 00:04:19 (4417 turns).

pkoi the Ruffian (Demigod Fighter)                  Turns: 4417, Time: 00:04:19

Health: -1/45      AC: 12    Str: 13    XL:     5   Next: 36%
Magic:  7/7        EV:  5    Int: 14    God:
Gold:   99         SH:  5    Dex: 13    Spells: 4/4 levels left

rFire   . . .      SeeInvis .   a - +5 dagger
rCold   + + +      Faith    .   i - +0 buckler
rNeg    . . .      Spirit   .   h - +0 chain mail
rPois   .          Reflect  .   (no helmet)
rElec   .          Harm     .   o - +2 cloak {rCorr}
rCorr   +          Rampage  .   (no gloves)
Will    .....                   (no boots)
Stlth   ..........              (no amulet)
HPRegen 0.15/turn               e - ring "Jookorig" {Fly rC+++ rCorr Str-4 Slay+5}
MPRegen 0.10/turn               (no ring)

@: weak-willed, flying
A: high MP 1, forlorn, divine attributes
a: no special abilities


You were on level 3 of the Dungeon.
You visited 1 branch of the dungeon, and saw 3 of its levels.

You collected 99 gold pieces.

Inventory:

Hand Weapons
 a - a +5 dagger (weapon)
 b - a +0 hunting sling
 g - a +1 dagger of freezing
 m - a +0 short sword
Missiles
 j - 39 stones (quivered)
Armour
 d - a +0 scale mail
 h - a +0 chain mail (worn)
 i - a +0 buckler (worn)
 o - a +2 cloak of preservation (worn)
Jewellery
 e - the ring "Jookorig" (left hand) {Fly rC+++ rCorr Str-4 Slay+5}
   (You acquired it on level 2 of the Dungeon)

   [ring of flight]

   Str:       It affects your strength (-4).
   Slay:      It affects your accuracy & damage with ranged weapons and melee
   (+5).
   rC:        It renders you almost immune to cold.
   Fly:       It grants you flight.
   rCorr:     It protects you from acid and corrosion.
Scrolls
 f - a scroll of identify
Potions
 c - a potion of might
 n - a potion of magic {unknown}


   Skills:
 - Level 3.0 Fighting
 + Level 3.7 Armour
 + Level 3.6 Shields
 * Level 3.9 Unarmed Combat


You had 4 spell levels left.
You didn't know any spells.
Your spell library contained the following spells:

 Spells                   Type           Power      Damage    Failure   Level
 Magic Dart               Conj           0%         1d3       100%        1
 Ensorcelled Hibernation  Hex/Ice        0%         N/A       100%        2
 Searing Ray              Conj           0%         2d4       100%        2
 Spider Form              Tmut/Pois      0%         N/A       100%        3
 Anguish                  Hex/Necr       0%         N/A       100%        4
 Fulminant Prism          Conj/Hex       0%         3d6       100%        4


Dungeon Overview and Level Annotations

Branches:
Dungeon (3/15)

Annotations:
D:1 1 runed translucent door
D:2 Sigmund
D:3 Robin


Innate Abilities, Weirdness & Mutations

You have an increased reservoir of magic. (+10% MP)
You shall have no god before yourself.
Your divine heritage dramatically boosts your attributes as you level up.


Message History

Unknown command.
A hobgoblin comes into view.
You see here a scroll labelled XOTEOZEALO.
q - a scroll labelled XOTEOZEALO The goblin barely misses you.
Robin barely misses you. 4 goblins come into view.
The goblin shouts! x3
A goblin comes into view. It is wielding a +0 dagger.
Robin roars a battlecry!
The goblins go into a battle-frenzy!
Robin throws the goblin at you!
* * * LOW HITPOINT WARNING * * *
You closely miss the goblin. The goblin barely misses you.
The goblin hits you with a +0 club.
* * * LOW HITPOINT WARNING * * *
The goblin shouts!
You puncture the goblin!
You kill the goblin!
The goblin hits you with a +0 club.
* * * LOW HITPOINT WARNING * * *
Robin throws the goblin at you!
As you read the scroll labelled DYN TEEGIXKEPTO, it crumbles to dust.
Magic quickly surges around you.
It was a scroll of vulnerability.
The goblin hits you but does no damage. The goblin barely misses you.
Robin roars a battlecry!
As you read the scroll labelled ZOCAGG ASSIUT, it crumbles to dust.
The scroll dissolves into smoke.
It was a scroll of fog.
The goblin hits you but does no damage. You block the goblin's attack.
As you read the scroll labelled JAJIAZE DALE, it crumbles to dust.
It is a scroll of enchant weapon.
Your +4 dagger glows red for a moment.
The goblin hits you with a +0 club.
* * * LOW HITPOINT WARNING * * *
The goblin hits you but does no damage.
Robin flexes a bicep menacingly.
As you read the scroll labelled XOTEOZEALO, it crumbles to dust.
You feel aware of your surroundings.
You sensed 1 altar.
It was a scroll of magic mapping.
The goblin hits you with a +0 club.
* * * LOW HITPOINT WARNING * * *
The goblin hits you with a +0 club.
You die...

****** *********** #.
*,,,,*
******,>,,>,,,,*##.
*,,,,*
*..,,,,*******.*#..
*,,,,* ##.**,***
##.*#..
*,,,,***##).,,,,*
#..##..
*,,,,,,,,g..,**,*
#.##...
*,,,.#####.#***,*
###....#.
*,,,...gggg####.##
#....###.
*,,,,****#gg@g§..#
#.#..###. *,,,,*
##g####..####...###..
*,,,,* #).#
*#.........##.. ******
#)## #.###..##.....
#.#*** *,* #..*##.†..
##.#*,******######.#.#
#..#*,,,≈≈≈,,≈#....#.#
#.##,,8,≈,≈,_,#.##...#
#.#,,,,,≈≈≈,,≈#*##.##.


You could see Robin (weak-willed), a hobgoblin (strong, weak-willed) and 3
goblins.

Vanquished Creatures
  Crazy Yiuf (D:3)
  Natasha (D:2)
  5 gnolls
  5 adders
  3 worms
  A dart slug (D:3)
  10 endoplasms
  4 giant cockroaches
  5 goblins
  4 hobgoblins
  5 kobolds
  2 quokkas
  5 ball pythons
  5 bats
  3 frilled lizards (D:1)
  4 rats
63 creatures vanquished.

Notes
Turn   | Place    | Note
-------+----------+-------------------------------------------
     0 | D:1      | pkoi the Demigod Fighter began the quest for the Orb.
     0 | D:1      | Reached XP level 1. HP: 18/18 MP: 3/3
     1 | D:1      | Found a runed translucent door.
   274 | D:1      | Reached XP level 2. HP: 25/25 MP: 4/4
  1145 | D:2      | Noticed Sigmund
  1147 | D:2      | Reached XP level 3. HP: 30/30 MP: 5/5
  2474 | D:2      | Noticed Natasha
  2485 | D:2      | Killed Natasha
  2486 | D:2      | Reached XP level 4. HP: 26/38 MP: 6/6
  2673 | D:2      | Identified a scroll of acquirement
  2674 | D:2      | Acquired the ring "Jookorig" {Fly rC+++ rCorr Str-4 Slay+5}
  3969 | D:3      | Found a runed translucent door.
  3970 | D:3      | Noticed Crazy Yiuf
  3981 | D:3      | Killed Crazy Yiuf
  3982 | D:3      | Reached XP level 5. HP: 37/45 MP: 7/7
  4405 | D:3      | Noticed Robin
  4417 | D:3      | Slain by a goblin

Illustrated notes

Levels and vault maps discovered:
D:1:      dpeg_arrival_caged_fury, layout_basic
D:2:      layout_basic, chequers_ecumenical_altar_simple_redux,
          minmay_quantized, uniq_natasha, uniq_sigmund
D:3:      layout_rooms, mainiacjoe_overflow_chevrons, pf_just_have_faith,
          kennysheep_generic_room_2, uniq_robin, uniq_jessica,
          uniq_crazy_yiuf_cottage

Skill      XL: |  1  2  3 |
---------------+----------+-----
Unarmed Combat | 2 3 |  3.9
Armour         | 3 |  3.7
Shields        | 3 |  3.6
Fighting       | 3 |  3.0

Action                   |  1- 3 |  4- 6 || total
-------------------------+-------+-------++-------
Melee: Short sword       |    93 |    42 ||   135
       Unarmed           |     3 |    18 ||    21
       Dagger            |       |    39 ||    39
 Fire: Hunting sling     |    10 |       ||    10
  Use: Scroll            |       |     7 ||     7
       Potion            |       |     1 ||     1
Armor: Scale mail        |    28 |       ||    28
       Chain mail        |    19 |    61 ||    80
Dodge: Dodged            |    37 |    29 ||    66
Block: Buckler           |    18 |    14 ||    32
